 Dungeon Crawl Stone Soup version 0.31-a0-1204-ge2c1a860ed (webtiles) character file.

Game seed: 14127512419702195546

2770 jasper the Cleaver (level 9, -2/68 HPs)
             Began as a Ghoul Gladiator on Dec 12, 2023.
             Was an Elder of Trog.
             Constricted to death by Erica (3 damage)
             ... on level 8 of the Dungeon.
             The game lasted 00:09:21 (7475 turns).

jasper the Cleaver (Ghoul Gladiator)                Turns: 7475, Time: 00:09:21

Health: -2/68      AC: 13    Str: 24    XL:     9   Next: 69%
Magic:  0/17       EV: 13    Int:  7    God:    Trog [****..]
Gold:   298        SH:  0    Dex: 10    Spells: 8/8 levels left

rFire   . . .        G - +4 war axe (heavy)
rCold   + . .        (no shield)
rNeg    + + +        u - +4 ring mail "Saloetil" {Str+2}
rPois   ∞            c - +0 helmet
rElec   .            E - +0 cloak
rCorr   .            l - +0 pair of gloves
SInv    .            w - +0 pair of boots
Will    ++...        j - amulet of guardian spirit Stlth
                     g - +5 ring of evasion
HPRegen 1.00/turn    x - ring of magical power
MPRegen 0.15/turn

%: guardian spirit
@: strong-willed, regenerating, constricted, invisible
A: claws 1, cold resistance 1, negative energy resistance 3, inhibited
regeneration, torment resistance 2, devour on kill
a: Renounce Religion, Trog's Hand, Brothers in Arms


You were on level 8 of the Dungeon.
You worshipped Trog.
Trog was greatly pleased with you.
You visited 1 branch of the dungeon, and saw 8 of its levels.

You collected 365 gold pieces.
You spent 67 gold pieces at shops.

Inventory:

Hand Weapons
 a - a +0 war axe of chaos
 h - a +0 scythe
 F - a +1 hammer of protection
 G - a +4 heavy war axe (weapon)
Missiles
 d - 5 throwing nets
 e - a javelin
 k - 48 stones (quivered)
 q - 12 boomerangs
Armour
 b - a +0 leather armour
 c - a +0 helmet (worn)
 l - a +0 pair of gloves (worn)
 r - a +0 chain mail
 u - the +4 ring mail "Saloetil" (worn) {Str+2}
   (You found it on level 5 of the Dungeon)

   Str+2:     It affects your strength (+2).
 v - a +0 plate armour
 w - a +0 pair of boots (worn)
 E - a +0 cloak (worn)
 H - +0 swamp dragon scales
Jewellery
 g - a +5 ring of evasion (left hand)
 j - an amulet of guardian spirit (around neck)
 m - a +6 ring of strength
 x - a ring of magical power (right hand)
Wands
 B - a wand of acid (9)
 C - a wand of digging (4)
Scrolls
 f - a scroll of revelation
 i - 2 scrolls of poison
 y - a scroll of blinking
 D - 3 scrolls of fog
Potions
 n - a potion of attraction
 o - 6 potions of curing
 p - 2 potions of haste
 s - a potion of mutation
 t - a potion of might
 A - a potion of resistance
 I - a potion of magic {unknown}


   Skills:
 + Level 2.4 Fighting
 * Level 12.0 Axes
 - Level 2.1 Throwing
 + Level 0.5 Armour
 - Level 2.6 Dodging


You had 8 spell levels left.
You didn't know any spells.
Your spell library was empty.

Dungeon Overview and Level Annotations

Branches:
Dungeon (8/15)             Temple (0/1) D:6
   Lair: D:8-11

Altars:
Trog

Shops:
D:4 :   D:6 [

Annotations:
D:8 Erica


Innate Abilities, Weirdness & Mutations

You are immune to poison.
You have sharp fingernails.
Your flesh is cold resistant. (rC+)
You are immune to negative energy. (rN+++)
You do not regenerate when monsters are visible.
You are immune to unholy pain and torment.
You thrive by killing the living.


Message History

The killer bee is lightly wounded.
The killer bee completely misses you. The killer bee closely misses you.
You slash the acid dragon!
The acid dragon is almost dead.
You slice the acid dragon!!
You kill the acid dragon!
Trog accepts your kill.
The acid dragon scales are intact enough to wear.
The killer bee closely misses you. x2
You regained 3 hp, and now have 65/68 hp.
You slash the killer bee!
The killer bee is almost dead.
The killer bee stings you but does no damage.
The killer bee barely misses you.
You slash something! You slice something!! Something barely misses you.
Something grabs you.
You are constricted.
Something hits you! Something burns you.
You are constricted.
You take 9 damage, and have 58/68 hp.
You now have 11/17 mp.
You slice something!! Something hits you!! Something burns you.
You are constricted.
You take 17 damage, and have 41/68 hp.
MASSIVE DAMAGE!!
You now have 8/17 mp.
You barely miss something. Something hits you! Something burns you.
You are constricted.
You take 8 damage, and have 33/68 hp.
You now have 5/17 mp.
You closely miss something. Something hits you! Something burns you.
You are constricted.
Something hits you!
* * * LOW HITPOINT WARNING * * *
Something burns you.
* * * LOW HITPOINT WARNING * * *
You are constricted.
You take 20 damage, and have 13/68 hp.
MASSIVE DAMAGE!!
You now have 2/17 mp.
Okay, then.
You fade into invisibility!
Something hits you!
* * * LOW HITPOINT WARNING * * *
Something burns you.
* * * LOW HITPOINT WARNING * * *
You are constricted.
You die...

# #.....# .# #.##
...#.....# #.##
#.#.....# #.## #.#....##
#.# #... #.#######
####.###### #.......#
##..........
#######.####.....##.###
. # #.........####.#
..##. #@###<....#....#
.....##{# #.##..#.######
..#...yy# #.##.)#......#
........# #.##..######.#
..#..##.###.##.#.##.)...
..........#.##......####
..##......#.........# .
#......###.......#
#.....<# ##......#


You could see 2 killer bees.

Vanquished Creatures
  Maggie (D:8)
  Sigmund (D:2)
  An acid dragon (D:8)
  2 orc warriors
  A black bear (D:6)
  A centaur (D:5)
  3 phantoms
  A gnoll sergeant (D:8)
  5 scorpions
  A bullfrog (D:6)
  4 wights (D:8)
  A killer bee (D:8)
  3 howler monkeys
  A hound (D:6)
  A jelly (D:6)
  Crazy Yiuf (D:3)
  An iguana (D:5)
  2 orc priests
  Terence (D:3)
  A sleepcap (D:7)
  8 orc wizards
  7 gnolls
  15 adders
  3 white imps (D:6)
  6 ufetubi
  4 dart slugs
  A worm (D:5)
  17 orcs
  12 ball pythons
  2 bats (D:1)
  9 endoplasms
  3 giant cockroaches
  5 goblins
  14 hobgoblins
  3 jackals (D:3)
  2 quokkas
  4 kobolds
  4 rats
152 creatures vanquished.

Vanquished Creatures (collateral kills)
  A jelly (D:7)
1 creature vanquished.

Vanquished Creatures (others)
  A gnoll (D:8)
1 creature vanquished.

Grand Total: 154 creatures vanquished

Notes
Turn   | Place    | Note
-------+----------+-------------------------------------------
     0 | D:1      | jasper the Ghoul Gladiator began the quest for the Orb.
     0 | D:1      | Reached XP level 1. HP: 17/17 MP: 0/0
   205 | D:1      | Reached XP level 2. HP: 24/24 MP: 1/1
   209 | D:1      | Reached skill level 3 in Axes
   262 | D:1      | Found a faded altar of an unknown god.
   271 | D:1      | Prayed at the altar of an unknown god.
   271 | D:1      | Became a worshipper of Trog the Wrathful
   271 | D:1      | Reached * piety under Trog
   429 | D:1      | Reached XP level 3. HP: 29/29 MP: 2/2
  1040 | D:2      | Noticed Sigmund
  1069 | D:2      | Killed Sigmund
  1070 | D:2      | Reached skill level 5 in Axes
  1070 | D:2      | Reached XP level 4. HP: 11/36 MP: 3/3
  1070 | D:2      | Reached XP level 5. HP: 12/41 MP: 4/4
  1423 | D:2      | Reached ** piety under Trog
  1515 | D:2      | Reached XP level 6. HP: 48/48 MP: 5/5
  2150 | D:3      | You fall into a shaft and drop 2 floors!
  2150 | D:5      | Entered Level 5 of the Dungeon
  2236 | D:5      | Reached skill level 6 in Axes
  2261 | D:5      | Reached skill level 7 in Axes
  2261 | D:5      | Reached XP level 7. HP: 32/55 MP: 4/6
  3118 | D:5      | Identified the +4 ring mail "Saloetil" {Str+2}
  3353 | D:6      | Reached skill level 8 in Axes
  3355 | D:6      | Found Botuac Rarae's Armour Shop.
  3381 | D:6      | Bought a +0 pair of boots for 67 gold pieces
  3587 | D:4      | Reached XP level 8. HP: 37/61 MP: 5/7
  3688 | D:4      | Found Ithian's Book Shop.
  4216 | D:3      | Reached *** piety under Trog
  4445 | D:3      | Noticed Terence
  4450 | D:3      | Killed Terence
  4499 | D:3      | Found a runed translucent door.
  4500 | D:3      | Noticed Crazy Yiuf
  4734 | D:3      | Noticed an angel
  4802 | D:3      | Killed Crazy Yiuf
  4981 | D:6      | Reached skill level 9 in Axes
  4984 | D:6      | Found a staircase to the Ecumenical Temple.
  5483 | D:6      | Reached skill level 10 in Axes
  5665 | D:6      | Identified the +1 robe of the Shining Light {Str+5}
  6427 | D:7      | Reached XP level 9. HP: 59/67 MP: 8/8
  7027 | D:8      | Noticed Maggie
  7046 | D:8      | Killed Maggie
  7047 | D:8      | Reached skill level 11 in Axes
  7287 | D:8      | Reached **** piety under Trog
  7456 | D:8      | Noticed Erica
  7466 | D:8      | Reached skill level 12 in Axes
  7475 | D:8      | HP: 1/68 [something (3)]
  7475 | D:8      | Constricted to death by Erica

Illustrated notes

Levels and vault maps discovered:
D:1:      dpeg_cavernosity, layout_loops_ring,
          dreamdust_ecumenical_altar_angels_and_demons
D:2:      layout_loops_corners, uniq_sigmund
D:3:      layout_loops_ring, zin_angel, uniq_terence, uniq_crazy_yiuf_cottage
D:4:      layout_basic, serial_shops, shop
D:5:      layout_basic
D:6:      layout_basic, minmay_temple_entry_grid, serial_shops,
          nicolae_diamond_shop
D:7:      layout_basic, minmay_holes, hangedman_decor_diamond_cutter
D:8:      layout_loops_cross, slow_altar_1, serial_shops, kennysheep_mini,
          serial_co_window_serial, co_window_corner_a,
          co_window_of_opportunity_a, co_window_paths_a, co_window_corner_a,
          co_window_corner_a, co_window_corner_b, co_window_corner_b,
          co_window_corner_b, glass_columns_a, glass_columns_b,
          biasface_ghost_orc_armoury, uniq_maggie, uniq_erica

Skill      XL: |  1  2  3  4  5  6  7  8  9 |
---------------+----------------------------+-----
Throwing       | 2 |  2.1
Axes           | 3 5 7 8 10 12 | 12.0
Fighting       | |  2.4
Armour         | |  0.5
Dodging        | |  2.6

Action                     |  1- 3 |  4- 6 |  7- 9 || total
---------------------------+-------+-------+-------++-------
  Melee: War axe           |   106 |    64 |   374 ||   544
         Punch             |     1 |     2 |     4 ||     7
  Throw: Stone             |       |     2 |       ||     2
 Invoke: Trog's Hand       |       |       |     2 ||     2
    Use: Scroll            |       |     6 |    10 ||    16
         Potion            |       |       |     1 ||     1
   Stab: Sleeping          |     1 |       |       ||     1
 Armour: Leather armour    |    44 |     7 |       ||    51
         Chain mail        |       |    52 |    40 ||    92
         Ring mail         |       |       |   207 ||   207
  Dodge: Dodged            |    92 |    90 |   343 ||   525

Table legend: (Time is in decaauts)
 A = Elapsed time spent in this place.
 B = Non-inter-level travel time spent in this place.
 C = Inter-level travel time spent in this place.
 D = Time resting spent in this place.
 E = Time spent auto-exploring this place.
 F = Levels seen in this place.
 G = Mean time per level.
                   A        B        C        D        E       F      G
               +--------+--------+--------+--------+--------+-----+--------+
         Total |   7555 |   6929 |    626 |    156 |   5390 |   8 |  944.4 |
       Dungeon |   7555 |   6929 |    626 |    156 |   5390 |   8 |  944.4 |
               +--------+--------+--------+--------+--------+-----+--------+

Top non-repeatable levels by time:
     D:6: 1437 daAuts
     D:5: 1215 daAuts
     D:2: 1138 daAuts
     D:1: 994 daAuts
     D:3: 747 daAuts
     D:4: 729 daAuts
     D:7: 712 daAuts
     D:8: 580 daAuts
